[Event "ICC tourney 2437 (75 10)"]
[Site "Internet Chess Club"]
[Date "2021.03.06"]
[Round "2"]
[White "SETHURAMAN, ROSHAN:TheSuperKing"]
[Black "SATTARU, SRITEJ SAI:FL2009"]
[Result "0-1"]
[ICCResult "White checkmated"]
[WhiteElo "1701"]
[BlackElo "1820"]
[Opening "Ruy Lopez: Berlin defense, open variation"]
[ECO "C67"]
[NIC "RL.07"]
[Time "16:32:48"]
[PlyCount "102"]
[TimeControl "4500+10"]

1. e4 e5 2. Nf3 Nc6 3. Bb5 Nf6 4. O-O Nxe4 5. Nc3 Nxc3 6. dxc3 d6 7. Qd5
Be7 8. Bxc6+ bxc6 9. Qxc6+ Bd7 10. Qe4 O-O 11. Rd1 Qc8 12. Qe2 Bg4 13. h3
Bh5 14. Re1 Re8 15. Qe4 Bg6 16. Qe2 Qf5 17. Qc4 Rec8 18. Nd4 exd4 19. Rxe7
dxc3 20. bxc3 c6 21. Re2 Qb5 22. Qxb5 cxb5 23. Bb2 a5 24. Rd1 Rc6 25. Rd4
f6 26. Red2 Rd8 27. f4 Bf7 28. a4 bxa4 29. Rxa4 Ra8 30. Kf2 Bc4 31. Rd4 d5
32. f5 Rb6 33. Ba1 Rb1 34. g4 Rf1+ 35. Kg2 Re1 36. Rd2 Re4 37. Kf2 h5 38.
Kg3 Re3+ 39. Kg2 h4 40. Rf2 Re4 41. Ra3 a4 42. Bb2 Rb8 43. Bc1 Rb1 44. Bf4
Bb5 45. g5 Bc6 46. Kf3 fxg5 47. Bxg5 d4 48. cxd4 Rg1 49. Re3 Rxd4+ 50. Ke2
Bb5+ 51. Kf3 Rg3# { White checkmated } 0-1

[Event "ICC tourney 2437 (75 10)"]
[Site "Internet Chess Club"]
[Date "2021.03.06"]
[Round "2"]
[White "Wolfe, Peter:fleshlumpeater"]
[Black "UDOVENKO, DANIEL ALEXANDER:DanielA1926"]
[Result "1-0"]
[ICCResult "Black checkmated"]
[WhiteElo "1958"]
[BlackElo "1764"]
[Opening "QGA: 4...e6"]
[ECO "D26"]
[NIC "QG.08"]
[Time "16:32:48"]
[PlyCount "53"]
[TimeControl "4500+10"]

1. d4 d5 2. Nf3 Nf6 3. c4 dxc4 4. e3 e6 5. Bxc4 b6 6. O-O Be7 7. Nc3 O-O 8.
e4 Bb7 9. Qe2 c5 10. Rd1 Qc8 11. d5 exd5 12. exd5 Bd6 13. Bg5 Qd8 14. Ne4
a6 15. Nxf6+ gxf6 16. Bh6 Re8 17. Qd2 Nd7 18. Bd3 Ne5 19. Bc2 Nxf3+ 20.
gxf3 f5 21. Kh1 Qh4 22. Rg1+ Kh8 23. Bg7+ Kg8 24. Bf6+ Qg4 25. Rxg4+ fxg4
26. Qg5+ Kf8 27. Qg7# { Black checkmated } 1-0

[Event "ICC tourney 2437 (75 10)"]
[Site "Internet Chess Club"]
[Date "2021.03.06"]
[Round "2"]
[White "YANG, LEO:yanje03"]
[Black "CAREY, MICHAEL P:xyzchessdude"]
[Result "1-0"]
[ICCResult "Black resigns"]
[WhiteElo "1678"]
[BlackElo "1953"]
[Opening "Sicilian"]
[ECO "B56"]
[NIC "SI.25"]
[Time "16:31:54"]
[PlyCount "103"]
[TimeControl "4500+10"]

1. e4 c5 2. Nf3 d6 3. d4 cxd4 4. Nxd4 Nf6 5. Nc3 Nc6 6. f3 e5 7. Nb3 Be7 8.
Be3 O-O 9. Qd2 Be6 10. O-O-O a5 11. a4 Nb4 12. Kb1 d5 13. exd5 Nfxd5 14.
Bc4 Nxe3 15. Qxe3 Qc8 16. Bxe6 Qxe6 17. Rhe1 Qg6 18. Re2 Nc6 19. Nd5 Bg5
20. f4 exf4 21. Nxf4 Qh6 22. g3 Bxf4 23. Qxf4 Qxf4 24. gxf4 Rad8 25. Red2
Rxd2 26. Rxd2 Re8 27. Nc5 Re7 28. c3 g6 29. Rd6 Re2 30. Nxb7 Ne7 31. Nxa5
Rxh2 32. b4 Kg7 33. b5 Rh4 34. b6 Nc8 35. b7 Nxd6 36. b8=Q Nf5 37. Qe5+ Kh6
38. Nc6 Rh3 39. a5 Ne3 40. Qg5+ Kg7 41. a6 Nc4 42. Qc5 Rh1+ 43. Kc2 Rh2+
44. Kd3 Nb2+ 45. Ke3 Rh3+ 46. Ke4 f5+ 47. Kd5 Rd3+ 48. Ke6 Na4 49. Qe7+ Kh6
50. Kf7 Rd7 51. Qxd7 Nc5 52. Qe7 { Black resigns } 1-0

[Event "ICC tourney 2437 (75 10)"]
[Site "Internet Chess Club"]
[Date "2021.03.06"]
[Round "2"]
[White "MARTINEZ, ENOCH:TheChessShark"]
[Black "WANG, MAXWELL GEORG:MaxWang"]
[Result "1-0"]
[ICCResult "Black resigns"]
[WhiteElo "1817"]
[BlackElo "1778"]
[Opening "Queen's pawn: stonewall attack"]
[ECO "D00"]
[NIC "QP.08"]
[Time "16:31:55"]
[PlyCount "99"]
[TimeControl "4500+10"]

1. d4 d5 2. e3 Nf6 3. Bd3 e6 4. Nd2 c5 5. c3 Nc6 6. f4 Be7 7. Ngf3 c4 8.
Bc2 b5 9. Ne5 Bd7 10. O-O Qc7 11. g4 Nxe5 12. fxe5 Ng8 13. Qf3 f6 14. e4
Bc6 15. exd5 Bxd5 16. Be4 Qd7 17. b3 Rc8 18. bxc4 bxc4 19. exf6 Nxf6 20. g5
Nxe4 21. Nxe4 Rf8 22. Qh5+ g6 23. Rxf8+ Kxf8 24. Qh6+ Ke8 25. Nf6+ Bxf6 26.
gxf6 Qf7 27. Ba3 Kd7 28. Qf4 Ke8 29. Be7 Qg8 30. Rb1 Kf7 31. Bc5 Qd8 32.
Be7 Qe8 33. h4 Qh8 34. Qd6 Qe8 35. h5 Rc6 36. Qf4 Rc8 37. hxg6+ hxg6 38.
Rb2 Qg8 39. Qd6 g5 40. Qd7 Kg6 41. f7 Qxf7 42. Qxc8 Qxe7 43. Qg8+ Kf5 44.
Rf2+ Ke4 45. Qg6+ Ke3 46. Qc2 Bf3 47. Qd2+ Ke4 48. Qe1+ Kf4 49. Qe5+ Kg4
50. Rh2 { Black resigns } 1-0

[Event "ICC tourney 2437 (75 10)"]
[Site "Internet Chess Club"]
[Date "2021.03.06"]
[Round "2"]
[White "LEE, DANIEL:Daniel-Lee"]
[Black "RAM, JAIKRISHNAN:jairam09"]
[Result "1-0"]
[ICCResult "Black resigns"]
[WhiteElo "1865"]
[BlackElo "1805"]
[Opening "Caro-Kann: exchange, Rubinstein variation"]
[ECO "B13"]
[NIC "CK.02"]
[Time "16:31:53"]
[PlyCount "115"]
[TimeControl "4500+10"]

1. e4 c6 2. d4 d5 3. exd5 cxd5 4. Bd3 Nc6 5. c3 Nf6 6. Bf4 g6 7. Nf3 Bg7 8.
O-O O-O 9. h3 Bf5 10. Qc2 Qd7 11. Ne5 Nxe5 12. Bxe5 Rfc8 13. Nd2 b5 14.
Bxf5 gxf5 15. Nb3 e6 16. Nc5 Qc6 17. a4 Nd7 18. axb5 Qxb5 19. Nxd7 Qxd7 20.
Bxg7 Kxg7 21. Qd3 Kh8 22. b3 Rg8 23. c4 Rg7 24. c5 Rag8 25. Qf3 Qc7 26. b4
Qb7 27. Rfb1 a6 28. Ra5 Qc6 29. Rba1 Qb7 30. R1a4 Rxg2+ 31. Qxg2 Rxg2+ 32.
Kxg2 Qc7 33. Rxa6 Qf4 34. Ra3 Qe4+ 35. Rf3 Qxd4 36. c6 Qc4 37. Ra8+ Kg7 38.
b5 Kf6 39. Rb3 Qe4+ 40. Kg1 Qe1+ 41. Kg2 Qe4+ 42. Kf1 Qc4+ 43. Kg2 Qe4+ 44.
Rf3 Qc4 45. Raa3 d4 46. Rab3 e5 47. b6 e4 48. Rg3 f4 49. b7 fxg3 50. b8=Q
gxf2 51. Kxf2 e3+ 52. Kg3 d3 53. Qd8+ Ke5 54. Qg5+ Kd6 55. Qf4+ Qxf4+ 56.
Kxf4 d2 57. Rd3+ Kxc6 58. Kxe3 { Black resigns } 1-0

[Event "ICC tourney 2437 (75 10)"]
[Site "Internet Chess Club"]
[Date "2021.03.06"]
[Round "2"]
[White "HO, CARTER:corviknight"]
[Black "ZHENG, CARISSA ANGELA:bg26723"]
[Result "1-0"]
[ICCResult "Black resigns"]
[WhiteElo "1802"]
[BlackElo "1868"]
[Opening "Caro-Kann: exchange variation"]
[ECO "B13"]
[NIC "CK.02"]
[Time "16:31:57"]
[PlyCount "71"]
[TimeControl "4500+10"]

1. e4 c6 2. d4 d5 3. exd5 cxd5 4. Bd3 Nf6 5. c3 Bg4 6. Qb3 Qc8 7. Bf4 Nc6
8. Nd2 e6 9. Ngf3 Be7 10. O-O O-O 11. Ne5 Nh5 12. Be3 Nxe5 13. dxe5 Bc5 14.
Bxc5 Qxc5 15. h3 Nf4 16. Qc2 Nxd3 17. Qxd3 Bf5 18. Qe2 Rfd8 19. Nb3 Qc7 20.
Nd4 Be4 21. f3 Bg6 22. g4 Qe7 23. Kh2 a6 24. Rae1 Rac8 25. Kg3 b5 26. a3
Rc4 27. Rg1 Qb7 28. h4 h5 29. gxh5 Bxh5 30. Kh3 a5 31. Qe3 Qe7 32. Rg5 g6
33. Rxh5 Qf8 34. Rg5 b4 35. h5 Kh7 36. Kg2 { Black resigns } 1-0

[Event "ICC tourney 2437 (75 10)"]
[Site "Internet Chess Club"]
[Date "2021.03.06"]
[Round "2"]
[White "SANE, ADWAY:adwaysane"]
[Black "Walsh, Tim R:Telos53"]
[Result "1/2-1/2"]
[ICCResult "Game drawn by mutual agreement"]
[WhiteElo "1717"]
[BlackElo "1835"]
[Opening "Queen's pawn, Mason variation"]
[ECO "D00"]
[NIC "QP.08"]
[Time "16:31:59"]
[PlyCount "108"]
[TimeControl "4500+10"]

1. d4 d5 2. Bf4 Nf6 3. e3 Bf5 4. Nf3 e6 5. Nbd2 c5 6. Bb5+ Nbd7 7. Ne5 a6
8. Bxd7+ Nxd7 9. Ndf3 Be7 10. O-O Nxe5 11. Nxe5 f6 12. Nf3 g5 13. Bg3 h5
14. h3 h4 15. Bh2 g4 16. hxg4 Bxg4 17. Qd3 Bf5 18. Qb3 Qd7 19. dxc5 Bxc5
20. Qc3 Be7 21. Qd2 Bd6 22. Rfd1 Bg4 23. Bxd6 Bxf3 24. gxf3 Qxd6 25. f4 h3
26. Kh2 Rh6 27. Rg1 O-O-O 28. Rg7 Kb8 29. Rag1 Rd7 30. Rxd7 Qxd7 31. Qb4
Rh8 32. Qd4 Qf7 33. Rg3 Rh4 34. Rxh3 e5 35. Qd2 Rxh3+ 36. Kxh3 exf4 37.
exf4 Qh5+ 38. Kg2 Qg4+ 39. Kf1 Qf3 40. Ke1 Qh1+ 41. Ke2 Qe4+ 42. Kd1 Qh1+
43. Ke2 Qe4+ 44. Kd1 Qh1+ 45. Qe1 Qf3+ 46. Qe2 Qxf4 47. Qe8+ Ka7 48. Qe3+
Qxe3 49. fxe3 Kb6 50. Kd2 Kc5 51. Kd3 f5 52. a3 b6 53. b3 Kc6 54. Kd4 Kd6 {
Game drawn by mutual agreement } 1/2-1/2

[Event "ICC tourney 2437 (75 10)"]
[Site "Internet Chess Club"]
[Date "2021.03.06"]
[Round "2"]
[White "MARTINEZ, LAWRENCE:apachekid"]
[Black "MATTSON, DANIEL R:CPTsopiens"]
[Result "1-0"]
[ICCResult "Black resigns"]
[WhiteElo "1805"]
[BlackElo "1757"]
[Opening "French: Burn variation"]
[ECO "C11"]
[NIC "FR.05"]
[Time "16:31:53"]
[PlyCount "107"]
[TimeControl "4500+10"]

1. d4 Nf6 2. Nc3 d5 3. Bg5 e6 4. e4 dxe4 5. Nxe4 Be7 6. Bxf6 Bxf6 7. Nf3
Be7 8. Bc4 c6 9. c3 Nd7 10. Qe2 O-O 11. h4 Nb6 12. Bd3 Nd5 13. g3 Qc7 14.
Nfg5 g6 15. h5 Bxg5 16. Nxg5 Nf6 17. hxg6 hxg6 18. f4 Bd7 19. O-O-O Kg7 20.
Rh2 Rh8 21. Rdh1 Rxh2 22. Qxh2 Nh5 23. Nf3 c5 24. Ne5 Bc6 25. Nxc6 bxc6 26.
dxc5 Rd8 27. Be2 Rh8 28. Bxh5 Rxh5 29. Qg1 Kh6 30. Rxh5+ Kxh5 31. Qd1+ Kh6
32. Qd4 Kh5 33. Kd2 Kg4 34. Qe3 Qd8+ 35. Ke2 Qd5 36. Kf2 Qh1 37. Qe2+ Kh3
38. Ke3 Qc1+ 39. Kf2 Qh1 40. Qf1+ Qxf1+ 41. Kxf1 Kxg3 42. b4 Kxf4 43. b5
cxb5 44. c6 g5 45. c7 f5 46. c8=Q g4 47. Qxe6 g3 48. Kg2 a5 49. Qb6 Ke4 50.
Qxb5 f4 51. Qc4+ Ke3 52. Qd4+ Ke2 53. Qxf4 a4 54. Qxg3 { Black resigns }
1-0

[Event "ICC tourney 2437 (75 10)"]
[Site "Internet Chess Club"]
[Date "2021.03.06"]
[Round "2"]
[White "PULLELA, SRICHARAN:Sricharan07"]
[Black "KARAM, ALEX:AlexandreKaram"]
[Result "1-0"]
[ICCResult "Black checkmated"]
[WhiteElo "1881"]
[BlackElo "1799"]
[Opening "King's Indian: London system"]
[ECO "A45"]
[NIC "QP.03"]
[Time "16:31:54"]
[PlyCount "155"]
[TimeControl "4500+10"]

1. d4 Nf6 2. Bf4 g6 3. Nf3 Bg7 4. e3 d6 5. h3 Nbd7 6. Be2 b6 7. O-O Bb7 8.
c4 Ne4 9. Nbd2 O-O 10. Nxe4 Bxe4 11. Qd2 e5 12. Bg3 Qe7 13. d5 a5 14. Ne1
Nc5 15. f3 Bf5 16. e4 Bd7 17. Nd3 Nxd3 18. Bxd3 f5 19. exf5 gxf5 20. Rae1
Bf6 21. Qc2 Qg7 22. Bf2 Be7 23. Kh2 h5 24. Rg1 Kh8 25. Qe2 Qh6 26. b3 Rf7
27. a3 Bg5 28. Rd1 Rg8 29. b4 axb4 30. axb4 h4 31. Ra1 Bf4+ 32. Kh1 Bg3 33.
Ra7 Be8 34. c5 Bxf2 35. Qxf2 bxc5 36. bxc5 Rgg7 37. Ra8 Rg8 38. Rb1 Qf4 39.
Rbb8 Rff8 40. Bb5 Qg5 41. Rxe8 Rxe8 42. Rxe8 Rxe8 43. Bxe8 Qc1+ 44. Qg1 Qc4
45. cxd6 cxd6 46. Bf7 e4 47. fxe4 Qxe4 48. Qc1 Kh7 49. Be6 Kg6 50. Kg1 f4
51. Qd1 Qe3+ 52. Kh1 f3 53. Qxf3 Qe1+ 54. Kh2 Qe5+ 55. g3 hxg3+ 56. Qxg3+
Qxg3+ 57. Kxg3 Kg5 58. h4+ Kh5 59. Kf4 Kg6 60. h5+ Kf6 61. h6 Kg6 62. h7
Kxh7 63. Kf5 Kg7 64. Kg5 Kf8 65. Kf6 Ke8 66. Bf5 Kd8 67. Ke6 Kc7 68. Ke7
Kb6 69. Kxd6 Kb7 70. Ke7 Kc7 71. d6+ Kb8 72. d7 Kb7 73. d8=Q Ka7 74. Qd6
Ka8 75. Qd7 Kb8 76. Be6 Ka8 77. Bd5+ Kb8 78. Qb7# { Black checkmated } 1-0

[Event "ICC tourney 2437 (75 10)"]
[Site "Internet Chess Club"]
[Date "2021.03.06"]
[Round "2"]
[White "YU, AVERY:Averyyu321"]
[Black "SU, JASMINE ZHIXIN:chessisthebest1"]
[Result "0-1"]
[ICCResult "White checkmated"]
[WhiteElo "1789"]
[BlackElo "1806"]
[Opening "Sicilian: Prins (Moscow) variation"]
[ECO "B55"]
[NIC "SI.01"]
[Time "16:31:56"]
[PlyCount "164"]
[TimeControl "4500+10"]

1. e4 c5 2. Nf3 d6 3. d4 cxd4 4. Nxd4 Nf6 5. f3 e5 6. Nb3 Be6 7. c4 Nbd7 8.
Nc3 Be7 9. Be3 a6 10. Rc1 Rc8 11. Nd2 Nh5 12. b3 Bg5 13. Bf2 O-O 14. Be2 g6
15. O-O Qe7 16. Nd5 Bxd5 17. cxd5 Nf4 18. Re1 Bh4 19. Bxh4 Qxh4 20. g3
Nxe2+ 21. Qxe2 Qg5 22. Qd1 f5 23. Nc4 Qe7 24. Qe2 f4 25. Kg2 g5 26. Rg1 Kh8
27. g4 Nf6 28. Qf2 Rc7 29. Qb6 Rfc8 30. Rcf1 Ne8 31. Rf2 h6 32. h3 Rc5 33.
a4 Qc7 34. Rb1 Kg7 35. Rbb2 Kf8 36. Kf1 Qxb6 37. Nxb6 Rc1+ 38. Ke2 R8c2+
39. Rxc2 Rxc2+ 40. Ke1 Rc3 41. b4 Rb3 42. b5 axb5 43. axb5 Rxb5 44. Nc4 Rc5
45. Na3 Rc3 46. Nc2 Ke7 47. Kd2 Rb3 48. Rf1 Nc7 49. Na1 Rb2+ 50. Nc2 Nb5
51. Ra1 Nd4 52. Rc1 Kd7 53. Kc3 Rxc2+ 54. Rxc2 Nxc2 55. Kxc2 Kc7 56. Kc3
Kb6 57. Kb4 Ka6 58. Ka4 b5+ 59. Kb4 Kb6 60. Kb3 Kc5 61. Kc3 b4+ 62. Kb3 Kb5
63. Kb2 Kc4 64. Kc2 Kd4 65. Kb3 Ke3 66. Kxb4 Kxf3 67. Kb5 Kxe4 68. Kc6 f3
69. Kxd6 f2 70. Ke6 f1=Q 71. d6 Qc4+ 72. Ke7 Qc5 73. Ke6 Qc8+ 74. d7 Qd8
75. Kd6 Kd4 76. Ke6 e4 77. h4 e3 78. h5 e2 79. Kf5 e1=Q 80. Kg6 Qe6+ 81.
Kh7 Qdxd7+ 82. Kh8 Qee8# { White checkmated } 0-1

[Event "ICC tourney 2437 (75 10)"]
[Site "Internet Chess Club"]
[Date "2021.03.06"]
[Round "3"]
[White "RODENSTEIN, ALAN:arconsul2"]
[Black "LEE, DANIEL:Daniel-Lee"]
[Result "0-1"]
[ICCResult "White resigns"]
[WhiteElo "1756"]
[BlackElo "1865"]
[Opening "Queen's pawn, Mason variation"]
[ECO "D00"]
[NIC "QP.08"]
[Time "20:02:23"]
[PlyCount "42"]
[TimeControl "4500+10"]

1. d4 d5 2. Bf4 Nf6 3. e3 c5 4. Nc3 a6 5. dxc5 Nc6 6. Nf3 e6 7. a3 Bxc5 8.
Bd3 O-O 9. Qe2 Re8 10. Bg5 h6 11. Bh4 b5 12. Bg3 e5 13. e4 Bg4 14. Qd2 b4
15. Nxd5 Nxd5 16. exd5 e4 17. dxc6 exf3+ 18. Kf1 fxg2+ 19. Kxg2 Qd5+ 20.
Kg1 Bf3 21. axb4 Bxh1 { White resigns } 0-1

[Event "ICC tourney 2437 (75 10)"]
[Site "Internet Chess Club"]
[Date "2021.03.06"]
[Round "3"]
[White "STEINER, ADAMSON:poohfur"]
[Black "CHAMPSI, IMRAN:imranchamp"]
[Result "0-1"]
[ICCResult "White resigns"]
[WhiteElo "1692"]
[BlackElo "1813"]
[Opening "Sicilian: Pelikan (Lasker/Sveshnikov) variation"]
[ECO "B33"]
[NIC "SI.36"]
[Time "20:02:27"]
[PlyCount "50"]
[TimeControl "4500+10"]

1. e4 c5 2. Nf3 Nc6 3. d4 cxd4 4. Nxd4 Nf6 5. Nc3 e5 6. Ndb5 d6 7. Bg5 a6
8. Bxf6 gxf6 9. Na3 Bg7 10. Nc4 Bf8 11. Nd5 b5 12. Nce3 Bg7 13. g3 Ne7 14.
Nxe7 Qxe7 15. Nd5 Qd8 16. a4 Rb8 17. axb5 axb5 18. Ra7 O-O 19. Ne7+ Kh8 20.
Nc6 Qb6 21. Nxb8 Qxa7 22. Nc6 Qc5 23. Ne7 Qb4+ 24. Qd2 Qxe4+ 25. Qe2 Qxh1 {
White resigns } 0-1

[Event "ICC tourney 2437 (75 10)"]
[Site "Internet Chess Club"]
[Date "2021.03.06"]
[Round "3"]
[White "KARAM, ALEX:AlexandreKaram"]
[Black "Shi, Roger V V:Roger436"]
[Result "0-1"]
[ICCResult "White resigns"]
[WhiteElo "1799"]
[BlackElo "1782"]
[Opening "Sicilian: accelerated fianchetto, Gurgenidze variation"]
[ECO "B36"]
[NIC "SI.33"]
[Time "20:02:25"]
[PlyCount "62"]
[TimeControl "4500+10"]

1. e4 c5 2. Nf3 Nc6 3. d4 cxd4 4. Nxd4 g6 5. c4 Nf6 6. Nc3 Nxd4 7. Qxd4 d6
8. g3 Bg7 9. Bg2 O-O 10. O-O Qa5 11. Qd3 Qh5 12. f4 Ng4 13. h3 Qc5+ 14. Kh1
Nf2+ 15. Rxf2 Qxf2 16. Kh2 Be6 17. Rb1 Bd4 18. Ne2 Bb6 19. b3 Qc5 20. Bb2
f6 21. f5 gxf5 22. exf5 Bxf5 23. Be4 Qf2+ 24. Kh1 Bxe4+ 25. Qxe4 Rf7 26.
Nd4 f5 27. Qh4 Bxd4 28. Bxd4 Qf3+ 29. Kg1 Qe4 30. Qg5+ Kf8 31. Bb2 Qxb1+ {
White resigns } 0-1

[Event "ICC tourney 2437 (75 10)"]
[Site "Internet Chess Club"]
[Date "2021.03.06"]
[Round "3"]
[White "ZHENG, CARISSA ANGELA:bg26723"]
[Black "SANE, ADWAY:adwaysane"]
[Result "1-0"]
[ICCResult "Black checkmated"]
[WhiteElo "1868"]
[BlackElo "1717"]
[Opening "Giuoco Piano: Anderssen variation"]
[ECO "C54"]
[NIC "IG.02"]
[Time "20:02:21"]
[PlyCount "55"]
[TimeControl "4500+10"]

1. e4 e5 2. Nf3 Nc6 3. Bc4 Bc5 4. c3 Nf6 5. d4 exd4 6. e5 d5 7. Bb5 Ne4 8.
cxd4 Bb4+ 9. Bd2 Bxd2+ 10. Nbxd2 Nxd2 11. Qxd2 Bd7 12. O-O O-O 13. Bd3 Bg4
14. Be2 f6 15. Rac1 Ne7 16. Rfe1 c6 17. h3 Bf5 18. Qb4 Qc7 19. exf6 gxf6
20. Ba6 bxa6 21. Rxe7 Bd7 22. Qc5 Rac8 23. Rc3 f5 24. Ne5 Rcd8 25. Rg3+ Kh8
26. Rxh7+ Kxh7 27. Qe7+ Kh8 28. Qg7# { Black checkmated } 1-0

[Event "ICC tourney 2437 (75 10)"]
[Site "Internet Chess Club"]
[Date "2021.03.06"]
[Round "3"]
[White "RAM, JAIKRISHNAN:jairam09"]
[Black "CUI, YOUNG CHEUNG:WizardY"]
[Result "1-0"]
[ICCResult "Black checkmated"]
[WhiteElo "1805"]
[BlackElo "1762"]
[Opening "Nimzovich-Larsen attack: modern variation"]
[ECO "A01"]
[NIC "VO.08"]
[Time "20:02:20"]
[PlyCount "149"]
[TimeControl "4500+10"]

1. b3 e5 2. Bb2 Nc6 3. e3 d5 4. Bb5 Bd6 5. f4 d4 6. fxe5 Bxe5 7. Nf3 Bf6 8.
Nxd4 Bxd4 9. Bxd4 Qh4+ 10. g3 Qh3 11. Bxc6+ bxc6 12. Qf3 Ne7 13. Bxg7 Rg8
14. Bf6 Qf5 15. Qxf5 Bxf5 16. Bxe7 Kxe7 17. d3 Rae8 18. e4 Kd6 19. Nc3 Bg6
20. O-O-O Kc5 21. Kb2 Rd8 22. Ne2 Bh5 23. Rde1 Bxe2 24. Rxe2 Rge8 25. Rf2
Re7 26. Rhf1 Rdd7 27. Rf5+ Kd6 28. Rh5 Re6 29. Rxh7 f6 30. Rxd7+ Kxd7 31.
Rf5 Ke7 32. Kc3 Rd6 33. Kd2 Rd8 34. Ke3 Rh8 35. h4 Ke6 36. Kf4 Rh7 37. Ra5
Rh6 38. Rxa7 Rh7 39. Ra6 Kd6 40. Ra5 Ke6 41. Rf5 Rh6 42. h5 Kd6 43. g4 Ke6
44. Kg3 Kd6 45. Kh4 c5 46. g5 fxg5+ 47. Kxg5 Rh8 48. Rf6+ Ke5 49. h6 Rg8+
50. Rg6 Rh8 51. Rg7 c6 52. Kg6 Kd4 53. h7 Ke5 54. Rg8 Rxh7 55. Kxh7 Kd4 56.
Rc8 Ke5 57. Rxc6 Kd4 58. Rxc5 Kxc5 59. e5 Kd5 60. d4 Ke6 61. c4 Kd7 62. b4
Kc6 63. a4 Kd7 64. d5 Ke7 65. d6+ Ke6 66. c5 Kd7 67. b5 Kd8 68. c6 Kc8 69.
Kg7 Kd8 70. c7+ Kc8 71. b6 Kb7 72. d7 Ka6 73. c8=Q+ Kxb6 74. d8=Q+ Ka7 75.
Qdc7# { Black checkmated } 1-0

[Event "ICC tourney 2437 (75 10)"]
[Site "Internet Chess Club"]
[Date "2021.03.06"]
[Round "3"]
[White "CRISCI, THOMAS:StarWaricc"]
[Black "LI, DAVID TONGJIA:UltimateDL"]
[Result "0-1"]
[ICCResult "White resigns"]
[WhiteElo "1816"]
[BlackElo "1767"]
[Opening "Queen's gambit accepted"]
[ECO "D20"]
[NIC "QG.03"]
[Time "20:02:21"]
[PlyCount "92"]
[TimeControl "4500+10"]

1. d4 d5 2. c4 dxc4 3. e3 e5 4. Nc3 exd4 5. exd4 Nc6 6. Nf3 Nf6 7. Bxc4 Bd6
8. O-O O-O 9. h3 h6 10. Re1 Bf5 11. a3 a6 12. d5 Ne7 13. b3 Re8 14. Bb2 Ng6
15. Nd4 Rxe1+ 16. Qxe1 Qd7 17. Nxf5 Qxf5 18. Qf1 Re8 19. Re1 Ne5 20. Re3 b5
21. Bd3 Nxd3 22. Rxd3 Qxd3 23. Qxd3 Re1+ 24. Qf1 Bh2+ 25. Kxh2 Rxf1 26. Kg3
Kf8 27. Kf3 Ke7 28. Ke2 Rg1 29. g3 Kd6 30. Kd3 Rg2 31. Ke2 Rh2 32. h4 Ng4
33. Nd1 g6 34. Kf3 h5 35. b4 Kxd5 36. Bg7 c5 37. bxc5 Kxc5 38. Bf8+ Kd4 39.
Bd6 Kd3 40. Bc5 Kc2 41. Ne3+ Nxe3 42. Kxe3 Rh1 43. Kf4 Re1 44. Kg5 Re5+ 45.
Kf6 Rxc5 46. Kxf7 Rc6 { White resigns } 0-1

[Event "ICC tourney 2437 (75 10)"]
[Site "Internet Chess Club"]
[Date "2021.03.06"]
[Round "3"]
[White "CAREY, MICHAEL P:xyzchessdude"]
[Black "SETHURAMAN, ROSHAN:TheSuperKing"]
[Result "1-0"]
[ICCResult "Black resigns"]
[WhiteElo "1953"]
[BlackElo "1701"]
[Opening "Queen's pawn game, Chigorin variation"]
[ECO "A04"]
[NIC "QP.11"]
[Time "20:02:21"]
[PlyCount "78"]
[TimeControl "4500+10"]

1. Nf3 Nc6 2. d4 d5 3. g3 Nf6 4. Bg2 e6 5. O-O Bd6 6. c4 dxc4 7. Nbd2 O-O
8. Nxc4 Qe7 9. Nxd6 cxd6 10. h3 h6 11. Re1 d5 12. Bf4 Rd8 13. g4 Nh7 14.
Qd2 g5 15. Bg3 f5 16. Be5 Nf6 17. Nxg5 fxg4 18. hxg4 Nxg4 19. Nf3 Ncxe5 20.
Nxe5 Nxe5 21. dxe5 Qg5 22. Qxg5+ hxg5 23. Rac1 Bd7 24. Rc3 Kf7 25. Rg3 Rg8
26. e4 Bc6 27. exd5 Bxd5 28. Rc1 Rac8 29. Rgc3 Rxc3 30. Rxc3 Bxg2 31. Kxg2
Kg6 32. Rf3 Kh6 33. Rf6+ Rg6 34. Rf7 Rg7 35. Rf8 Re7 36. Kg3 Rg7 37. Kg4
Kh7 38. Re8 Kg6 39. Rxe6+ Kf7 { Black resigns } 1-0

[Event "ICC tourney 2437 (75 10)"]
[Site "Internet Chess Club"]
[Date "2021.03.06"]
[Round "3"]
[White "HONG, PEARSON:PearsonH"]
[Black "MARTINEZ, LAWRENCE:apachekid"]
[Result "1/2-1/2"]
[ICCResult "Game drawn by mutual agreement"]
[WhiteElo "1731"]
[BlackElo "1805"]
[Opening "Queen's pawn: London system"]
[ECO "A45"]
[NIC "QP.07"]
[Time "20:02:21"]
[PlyCount "79"]
[TimeControl "4500+10"]

1. d4 Nf6 2. Bf4 d5 3. e3 g6 4. Nd2 Bg7 5. Be2 O-O 6. h3 Nbd7 7. Ngf3 c5 8.
c3 b6 9. O-O Bb7 10. Ne5 Ne4 11. Nxe4 dxe4 12. Nxd7 Qxd7 13. dxc5 Qc6 14.
cxb6 Qxb6 15. Qb3 Qc6 16. Bb5 Qc5 17. Rfd1 Rfd8 18. Bc4 e6 19. Bxe6 fxe6
20. Qxb7 e5 21. Bg5 Rdb8 22. Qxe4 a5 23. Rd7 Ra6 24. Qd3 Raa8 25. b3 e4 26.
Qxe4 Qxg5 27. Rad1 Re8 28. Qc4+ Kh8 29. Rc7 Rad8 30. Rdd7 Rxd7 31. Rxd7 Qf5
32. Qd3 Qf6 33. c4 Qa1+ 34. Qd1 Qxa2 35. Rd8 Rf8 36. Rxf8+ Bxf8 37. Qd4+
Kg8 38. Qd5+ Kg7 39. Qe5+ Kf7 40. Qd5+ { Game drawn by mutual agreement }
1/2-1/2

[Event "ICC tourney 2437 (75 10)"]
[Site "Internet Chess Club"]
[Date "2021.03.06"]
[Round "3"]
[White "MARTINEZ, ENOCH:TheChessShark"]
[Black "PULLELA, SRICHARAN:Sricharan07"]
[Result "1-0"]
[ICCResult "Black resigns"]
[WhiteElo "1817"]
[BlackElo "1881"]
[Opening "Richter-Veresov attack, Richter variation"]
[ECO "D01"]
[NIC "QP.07"]
[Time "20:02:23"]
[PlyCount "57"]
[TimeControl "4500+10"]

1. d4 Nf6 2. Nc3 d5 3. Bg5 Bf5 4. f3 Nbd7 5. Nxd5 Nxd5 6. e4 h6 7. Bh4 Be6
8. exd5 Bxd5 9. c4 Be6 10. Bd3 c6 11. Ne2 Nb6 12. b3 g5 13. Bf2 Bg7 14. O-O
O-O 15. Rc1 Qd7 16. f4 Bf5 17. fxg5 hxg5 18. Be3 Bxd3 19. Qxd3 Qg4 20. Rf3
f6 21. Ng3 e5 22. Qg6 exd4 23. Nf5 Qxf5 24. Qxf5 dxe3 25. Rxe3 Rfe8 26.
Rce1 Re5 27. Rxe5 fxe5 28. Qxg5 Rf8 29. Rxe5 { Black resigns } 1-0

[Event "ICC tourney 2437 (75 10)"]
[Site "Internet Chess Club"]
[Date "2021.03.06"]
[Round "3"]
[White "Walsh, Tim R:Telos53"]
[Black "JIANG, LEYOU:karuto2006"]
[Result "0-1"]
[ICCResult "White resigns"]
[WhiteElo "1835"]
[BlackElo "1831"]
[Opening "King's Indian: East Indian defense"]
[ECO "A48"]
[NIC "QP.06"]
[Time "20:02:24"]
[PlyCount "94"]
[TimeControl "4500+10"]

1. d4 Nf6 2. Nf3 g6 3. Nc3 d5 4. Bf4 Bg7 5. e3 O-O 6. Be2 c5 7. Ne5 Nc6 8.
h4 h5 9. Qd2 cxd4 10. exd4 Bf5 11. a3 Nd7 12. Nxc6 bxc6 13. O-O-O e5 14.
Bh6 Rb8 15. Bxg7 Kxg7 16. dxe5 Qb6 17. Na4 Qxf2 18. Rdf1 Qxg2 19. Rhg1 Qh2
20. Qd4 Kh7 21. Rxf5 gxf5 22. e6 Qe5 23. Qd2 fxe6 24. Bxh5 Rg8 25. Re1 Qf6
26. Qe3 Qh6 27. Qxh6+ Kxh6 28. Bf7 Rg4 29. Rxe6+ Kg7 30. Re7 Rxa4 31. Rxd7
Kf6 32. h5 Rf8 33. Bg6 Kg5 34. Re7 Rf6 35. Be8 Re4 36. Rg7+ Kh6 37. Rg8 f4
38. Bg6 f3 39. Bxe4 dxe4 40. Rg6+ Rxg6 41. hxg6 Kxg6 42. Kd1 Kf5 43. Ke1
Kf4 44. c4 e3 45. b4 Kg3 46. Kf1 e2+ 47. Ke1 f2+ { White resigns } 0-1